 Dungeon Sprint DCSS version 0.20.0-15-g7f486f2 (webtiles) character file.

57 pib the Magician (level 3, 0/19 HPs)
             Began as a Deep Elf Wizard on June 11, 2017.
             Was an Initiate of Vehumet.
             Slain by a tarantella (1 damage)
             ... in the Dungeon (Sprint V: "Ziggurat Sprint").
             The game lasted 00:01:58 (153 turns).

pib the Magician (Deep Elf Wizard)                   Turns: 153, Time: 00:01:59

Health: 0/19       AC: 17    Str: 16    XL:     3   Next: 73%
Magic:  13/13      EV:  0    Int: 23    God:    Vehumet [......]
Gold:   0          SH:  0    Dex: 13    Spells: 10/16 levels left

rFire    + . .     SeeInvis .   O - +5 demon whip
rCold    + . .     Gourm    .   P - +3 buckler
rNeg     . . .     Faith    .   Q - +5 gold dragon scales
rPois    +         Spirit   .   b - +0 hat
rElec    .         Reflect  .   (no cloak)
rCorr    .         Harm     .   (no gloves)
MR       .....     NoTele   +   (no boots)
Stlth    ..........             (no amulet)
Regen    0.1/turn               D - +6 ring of strength
MPRegen  0.2/turn               E - +6 ring of strength

@: confused
A: no striking features
a: Renounce Religion


You were in the Dungeon.
You worshipped Vehumet.
Vehumet was noncommittal.
You were not hungry.

You visited 1 branch

Inventory:

Hand Weapons
 N - a +5 quick blade
 O - a +5 demon whip (weapon)
Armour
 a - a +0 robe
 b - a +0 hat (worn)
 P - a +3 buckler (worn)
 Q - +5 gold dragon scales (worn)
Magical Staves
 J - an uncursed staff of energy
Jewellery
 y - a +6 ring of dexterity
 A - a +6 ring of dexterity
 B - a +6 ring of intelligence
 C - a +6 ring of intelligence
 D - a +6 ring of strength (left hand)
 E - a +6 ring of strength (right hand)
 L - an uncursed ring of flight
Wands
 F - a wand of disintegration (7/24)
 G - a wand of iceblast (3/15)
 H - a wand of lightning (5/15)
 I - a wand of acid (5/15)
Scrolls
 j - 4 scrolls of blinking
 q - 4 scrolls of amnesia
 r - 3 scrolls of recharging
 s - 7 scrolls of fog
 t - a scroll of holy word
 u - 5 scrolls of identify
 v - 5 scrolls of remove curse
 w - 2 scrolls of fear
Potions
 e - 10 potions of curing
 f - 10 potions of heal wounds
 g - 6 potions of haste
 h - 7 potions of magic
 i - 3 potions of berserk rage
 k - 2 potions of brilliance
 l - 2 potions of invisibility
 m - 4 potions of resistance
 n - a potion of experience
 o - 5 potions of agility
 p - 5 potions of might
Books
 c - a book of Minor Magic

   Spells                             Type                      Level
   a - Magic Dart                     Conjuration                  1
   b - Blink                          Translocation                2
   c - Call Imp                       Summoning                    2
   d - Slow                           Hexes                        2
   e - Conjure Flame                  Conjuration/Fire             3
   f - Mephitic Cloud                 Conjuration/Poison/Air       3
Miscellaneous
 K - a crystal ball of energy
 M - a lightning rod (4/4)
Comestibles
 d - 5 bread rations
 x - 42 fruits
 z - 4 meat rations
 R - 4 chunks of flesh


   Skills:
 - Level 2.4 Dodging
 - Level 2.4 Stealth
 + Level 7.1 Spellcasting
 + Level 4.6 Conjurations
   Level 1.1 Summonings
 - Level 1.1 Translocations
 + Level 4.3 Evocations


You had 10 spell levels left.
You knew the following spells:

 Your Spells              Type           Power        Failure   Level  Hunger
a - Magic Dart            Conj           ####         100%        1    None
b - Blink                 Tloc           N/A          100%        2    None
c - Mephitic Cloud        Conj/Pois/Air  ###.....     100%        3    None


Dungeon Overview and Level Annotations

Branches:
Dungeon (1/1)

Altars:
Ashenzari
Cheibriados
Dithmenos
Elyvilon
Fedhas
Gozag
Hepliaklqana
Kikubaaqudgha
Makhleb
Nemelex Xobeh
Okawaru
Qazlal
Ru
Sif Muna
Trog
Uskayaw
Vehumet
Xom
Yredelemnul
Zin
The Shining One
Beogh
Jiyva
Lugonu

Annotations:
D 1 transporter


Message History

The tarantella bites you!
Ouch! That really hurt!
* * * LOW HITPOINT WARNING * * *
The scorpion stings you but does no damage.
The jumping spider pounces on you but does no damage.
The jumping spider bites you but does no damage.
You barely miss the tarantella.
The tarantella is almost dead.
The tarantella bites you but does no damage.
The jumping spider pounces on you.
* * * LOW HITPOINT WARNING * * *
The jumping spider bites you but does no damage.
The scorpion stings you but does no damage.
The tarantella bites you but does no damage.
The jumping spider pounces on you.
* * * LOW HITPOINT WARNING * * *
The jumping spider bites you but does no damage.
Unknown command.
The tarantella bites you.
You die...

▓▓▓▓▓▓▓▓▓▓▓▓▓
▓.8©8.▓.8©8.▓
▓.:}[.▓.....▓
▓.....▓.).).▓
▓.....▓..)..▓
▓.....▓.....▓
▓.sss.▓.....▓
▓...@.▓▓▓▓▓▓▓
▓▓▓▓▓▓▓


You could see a jumping spider, a tarantella and a scorpion.

Vanquished Creatures
  2 orc priests (D)
2 creatures vanquished.

Notes
Turn   | Place    | Note
-------+----------+-------------------------------------------
     0 | D        | pib the Deep Elf Wizard began the quest for the Orb.
     0 | D        | Reached XP level 1. HP: 10/10 MP: 7/7
     0 | D        | Found a deep blue altar of Sif Muna.
     0 | D        | Found a sacrificial altar of Ru.
     0 | D        | Found a bloodstained altar of Trog.
     0 | D        | Found a stormy altar of Qazlal.
     0 | D        | Found an iron altar of Okawaru.
     0 | D        | Found a sparkling altar of Nemelex Xobeh.
     0 | D        | Found a blossoming altar of Fedhas.
     2 | D        | Found a transporter.
     2 | D        | Found an ancient bone altar of Kikubaaqudgha.
     2 | D        | Found a viscous altar of Jiyva.
     2 | D        | Found a corrupted altar of Lugonu.
     2 | D        | Found a hazy altar of Hepliaklqana.
     2 | D        | Found a burning altar of Makhleb.
     2 | D        | Found an opulent altar of Gozag.
    88 | D        | Became a worshipper of Vehumet
   105 | D        | Entered arena 2.
   105 | D        | Noticed an orc priest
   105 | D        | Noticed an orc priest
   105 | D        | Found a transporter.
   106 | D        | Killed an orc priest
   106 | D        | Reached skill level 6 in Spellcasting
   106 | D        | Reached XP level 2. HP: 15/15 MP: 8/11
   106 | D        | Reached XP level 3. HP: 19/19 MP: 8/12
   106 | D        | Reached skill level 7 in Spellcasting
   110 | D        | Learned a level 2 spell: Blink
   114 | D        | Learned a level 3 spell: Mephitic Cloud
   147 | D        | Entered arena 3.
   147 | D        | Noticed a jumping spider
   147 | D        | Noticed a tarantella
   147 | D        | Noticed a scorpion
   147 | D        | Found a transporter.
   153 | D        | Slain by a tarantella

Skill      XL: |  1  2  3 |
---------------+----------+-----
Spellcasting   | 6 7 |  7.1
Conjurations   | 3 4 |  4.6
Evocations     | 3 4 |  4.3
Dodging        | |  2.4
Stealth        | |  2.4
Summonings     | |  1.1
Translocations | |  1.1

Action                   || total
-------------------------++-------
Melee: Demon whip        ||     3
Evoke: Wand              ||     2
Armor: Gold dragon scale ||     9
